 Dungeon Crawl Stone Soup version 0.18-a0-1539-g1c7284a (webtiles) character file.

147 Ijustatesigmund the Insei (level 5, -1/36 HPs)
             Began as an Octopode Transmuter on Mar 9, 2016.
             Was a Follower of Dithmenos.
             Slain by a jackal (3 damage)
             ... on level 4 of the Dungeon.
             The game lasted 00:07:51 (3128 turns).

Ijustatesigmund the Insei (Octopode Transmuter)     Turns: 3128, Time: 00:07:51

Health: -1/36      AC:  1    Str: 10    XL:     5   Next: 29%
Magic:  8/8        EV: 12    Int: 16    God:    Dithmenos [*.....]
Gold:   98         SH:  0    Dex: 12    Spells: 3 memorised, 2 levels left

rFire  . . .     SeeInvis .       - Unarmed
rCold  . . .     Gourm    .     (no shield)
rNeg   . . .     Faith    .     (helmet restricted)
rPois  .         Spirit   .     (no amulet)
rElec  .         Dismiss  .     (no ring)
rCorr  .         Reflect  .     (no ring)
SustAt .         Harm     .     (no ring)
MR     .....                    (no ring)
Stlth  +++.......               (no ring)
                                (no ring)
                                (no ring)
                                (no ring)

@: wreathed by umbra, not resistant to hostile enchantments, fairly stealthy
A: almost no armour, amphibious, 8 rings, constrict 8, camouflage 1, gelatinous
body 1
a: Renounce Religion


You were on level 4 of the Dungeon.
You worshipped Dithmenos.
Dithmenos was aware of your devotion.
You were not hungry.

You visited 1 branch of the dungeon, and saw 4 of its levels.

You collected 98 gold pieces.

Inventory:

Missiles
 a - 18 arrows
 d - 5 tomahawks (quivered)
Wands
 m - a wand of polymorph (9/24)
Scrolls
 h - a scroll of amnesia
 k - a scroll of magic mapping
 l - a scroll of identify
 o - 2 scrolls of remove curse
 p - a scroll of enchant weapon
 r - a scroll of fear
Potions
 e - a potion of brilliance
 g - 3 potions of magic
 j - 3 potions of flight
 n - a potion of beneficial mutation {unknown}
Books
 b - a book of Changes

   Spells                             Type                      Level
   a - Beastly Appendage              Transmutation                1
   b - Sticks to Snakes               Transmutation                2
   c - Spider Form                    Transmutation/Poison         3
   d - Ice Form                       Ice/Transmutation            4
   e - Blade Hands                    Transmutation                5
Comestibles
 c - 2 bread rations
 i - a meat ration
 q - a slice of pizza


   Skills:
 + Level 3.3 Fighting
 - Level 2.0 Dodging
 + Level 0.4 Stealth
 + Level 4.2 Unarmed Combat
 - Level 2.0 Spellcasting
 - Level 2.0 Transmutations
 - Level 2.0 Poison Magic
 + Level 0.2 Invocations


You had 2 spell levels left.
You knew the following spells:

 Your Spells              Type           Power        Failure   Level  Hunger
a - Beastly Appendage     Trmt           #.....       10%         1    #......
b - Sticks to Snakes      Trmt           #.......     14%         2    ###....
c - Spider Form           Trmt/Pois      #.........   28%         3    ###....


Dungeon Overview and Level Annotations

Branches:
Dungeon (4/15)
 Temple: D:4-7

Altars:
Dithmenos
The Shining One


Innate Abilities, Weirdness & Mutations

You cannot wear most types of armour.
You are amphibious.
You can wear up to eight rings at the same time.
You can use your tentacles to constrict eight enemies at once.
Your skin changes colour to match your surroundings (Stealth).
Your rubbery body absorbs attacks (AC +1).


Message History

The gnoll hits you from afar with a halberd!
* * * LOW HITPOINT WARNING * * *
Drink which item? (? for menu, Esc to quit)
You feel better.
You constrict the gnoll. The jackal bites you.
* * * LOW HITPOINT WARNING * * *
The jackal bites you.
* * * LOW HITPOINT WARNING * * *
The gnoll closely misses you.
You tentacle-slap the gnoll.
The gnoll is severely wounded.
You constrict the gnoll.
You kill the gnoll!
Dithmenos accepts your kill. The gnoll barely misses you.
The jackal closely misses you.
You barely miss the jackal. Your grab misses the jackal.
The jackal closely misses you.
The gnoll hits you from afar with a halberd.
* * * LOW HITPOINT WARNING * * *
You barely miss the jackal. Your grab misses the jackal. The jackal bites you.
You die...

#......# #....†##
#....#.##..#.#.####
#(.###..#.##......###
#..## ##.#. ##.#.....#
.... ###.#.###...#####
#..## #.<........## #..
##.####.....##
...####..###.g###..####
#....<.h@)##....<..#
#..#########.....$.#
#.. #.......# ...
.........g# #..
.##.......# # #
#.......g #.......#.
#.......##. #########


You could see a gnoll and a jackal.

Vanquished Creatures
  A howler monkey (D:4)
  2 adders
  3 gnolls
  A dart slug (D:2)
  An orc (D:3)
  7 giant cockroaches
  6 goblins
  5 hobgoblins
  3 jackals (D:4)
  7 kobolds
  A quokka (D:2)
  7 bats
  7 giant newts
  4 rats
55 creatures vanquished.

Vanquished Creatures (collateral kills)
  A worm (D:3)
  3 orcs (D:3)
  A giant newt (D:3)
  A rat (D:3)
6 creatures vanquished.

Grand Total: 61 creatures vanquished

Notes
Turn   | Place    | Note
--------------------------------------------------------------
     0 | D:1      | Ijustatesigmund the Octopode Transmuter began the quest for the Orb.
     0 | D:1      | Reached XP level 1. HP: 13/13 MP: 3/3
   267 | D:1      | Reached XP level 2. HP: 16/19 MP: 5/5
   273 | D:1      | Learned a level 2 spell: Sticks to Snakes
   990 | D:2      | Reached XP level 3. HP: 21/24 MP: 6/6
   995 | D:2      | Learned a level 3 spell: Spider Form
   998 | D:2      | Found a shadowy altar of Dithmenos.
  1005 | D:2      | Became a worshipper of Dithmenos the Shadowed
  1560 | D:2      | Found a glowing golden altar of the Shining One.
  1879 | D:3      | Reached XP level 4. HP: 18/30 MP: 5/7
  2006 | D:3      | Reached skill level 1 in Poison Magic
  2811 | D:4      | Reached skill level 4 in Unarmed Combat
  2815 | D:4      | Reached XP level 5. HP: 25/36 MP: 6/8
  2818 | D:4      | Reached * piety under Dithmenos
  3128 | D:4      | Slain by a jackal

Vault maps used:
D:1:      minmay_arrival_glassed_features
D:2:      lemuel_upstairs_altar, lemuel_crystal_altar, old_standard_altar
D:4:      first_bread

Skill      XL: |  1  2  3  4 |
---------------+-------------+-----
Fighting       | 2 3 |  3.3
Poison Magic   | 2 |  2.0
Unarmed Combat | 4 |  4.2
Dodging        | |  2.0
Stealth        | |  0.4
Spellcasting   | |  2.0
Transmutations | |  2.0
Invocations    | |  0.2

Action                   |  1- 3 |  4- 6 || total
-------------------------+-------+-------++-------
Melee: Unarmed           |    79 |    36 ||   115
 Cast: Sticks to Snakes  |     2 |     6 ||     8
       Beastly Appendage |     2 |     3 ||     5
  Use: Scroll            |    11 |       ||    11
       Potion            |       |     1 ||     1
 Stab: Sleeping          |     6 |     3 ||     9
  Eat: Chunk             |     1 |     2 ||     3
       Bread ration      |     1 |       ||     1
